TOP OF THE 1ST |
Great Falls Voyagers batting - Pitching for Baltimore (APP) Orioles : RHP Bryant Orr
|
Pitching: RHP Bryant Orr
|
|
Batting: RHB Andy Cotton
|
0-0: Foul Ball, location: 2F 0-1: Swinging Strike 0-2: Foul Ball, location: 2F 0-2: Fly out, F9 (Flyball, 9S, EV 94.4 MPH)
|
Batting: RHB Duncan Collins
|
0-0: Ball 1-0: Ball 2-0: Ball 3-0: Called Strike 3-1: Base on Balls
|
Batting: LHB Josh Pittman
|
0-0: Ball 1-0: Ball 2-0: Ball 3-0: Called Strike 3-1: Base on Balls Duncan Collins to second
|
Batting: SHB Matt Childers
|
0-0: Ball 1-0: Foul Ball, location: 2F 1-1: Foul Ball, location: 2F 1-2: Strikes out swinging
|
Batting: LHB Carlos Ramirez
|
0-0: Ball 1-0: Ball 2-0: DOUBLE (Groundball, 3L, EV 103.1 MPH) Duncan Collins scores Josh Pittman to third Runner from 3rd tries for Home, SAFE, no throw by RF
|
Batting: RHB Vic Lucatero
|
0-0: Ball 1-0: Foul Ball, location: 2F 1-1: 2-RUN HOME RUN (Flyball, 89XD, EV 102.5 MPH), Distance : 431 ft
|
Batting: SHB Jose Romo
|
0-0: Ball 1-0: Foul Ball, location: 2F 1-1: Swinging Strike 1-2: Strikes out swinging
|
Top of the 1st over - 4 runs, 2 hits, 0 errors, 0 left on base; Great Falls 4 - Baltimore (APP) 0 |
BOTTOM OF THE 1ST |
Baltimore (APP) Orioles batting - Pitching for Great Falls Voyagers : RHP Brent White
|
Pitching: RHP Brent White
|
|
Batting: LHB Rodolfo Montes
|
0-0: Foul Ball, location: 2F 0-1: Foul Ball, location: 2F 0-2: Fly out, F4 (Line Drive, 4, EV 63.1 MPH)
|
Batting: RHB Mike Zepeda
|
0-0: Called Strike 0-1: Ball 1-1: Ball 2-1: Swinging Strike 2-2: Ball 3-2: SINGLE (Groundball, 6D, EV 101.9 MPH)
|
Batting: RHB Jeremy Sipe
|
0-0: Called Strike 0-1: Fielders Choice at 2nd, 5-4 (Groundball, 56S, EV 90.6 MPH)
|
Batting: RHB J.J. Basil
|
0-0: Ball Jeremy Sipe steals 2nd base (no throw) 1-0: Ball 2-0: Ball 3-0: Foul Ball, location: 2F 3-1: Base on Balls
|
Batting: RHB Kaleb Yerger
|
0-0: Called Strike 0-1: Hit by Pitch Jeremy Sipe to third J.J. Basil to second
|
Batting: RHB Daniel Jackson
|
0-0: Called Strike 0-1: Foul Ball, location: 2F 0-2: Foul Ball, location: 2F 0-2: Ball 1-2: Ball 2-2: Fielders Choice at 2nd, U4 (Groundball, 4M, EV 102.5 MPH)
|
Bottom of the 1st over - 0 runs, 1 hit, 0 errors, 3 left on base; Great Falls 4 - Baltimore (APP) 0 |
TOP OF THE 2ND |
Great Falls Voyagers batting - Pitching for Baltimore (APP) Orioles : RHP Bryant Orr
|
Batting: RHB Billy Grubbs
|
0-0: Ball 1-0: Ball 2-0: Ground out 4-3 (Groundball, 4, EV 78.8 MPH)
|
Batting: RHB Juan Tovar
|
0-0: Ball 1-0: Ball 2-0: Foul Ball, location: 2F 2-1: Ball 3-1: Base on Balls
|
Batting: RHB Andy Cotton
|
0-0: Grounds into double play, 6-4-3 (Groundball, 6, EV 98.8 MPH)
|
Top of the 2nd over - 0 runs, 0 hits, 0 errors, 0 left on base; Great Falls 4 - Baltimore (APP) 0 |
BOTTOM OF THE 2ND |
Baltimore (APP) Orioles batting - Pitching for Great Falls Voyagers : RHP Brent White
|
Batting: RHB Fernando Bravo
|
0-0: Ball 1-0: Ball 2-0: Foul Ball, location: 2F 2-1: Foul Ball, location: 2F 2-2: Ground out 5-3 (Groundball, 56S, EV 87.5 MPH)
|
Batting: RHB Matt O'Dea
|
0-0: Ball 1-0: Ball 2-0: Called Strike 2-1: Swinging Strike 2-2: Strikes out swinging
|
Batting: RHB Bobby White
|
0-0: Foul Ball, location: 2F 0-1: Swinging Strike 0-2: Ball 1-2: Strikes out swinging
|
Bottom of the 2nd over - 0 runs, 0 hits, 0 errors, 0 left on base; Great Falls 4 - Baltimore (APP) 0 |
TOP OF THE 3RD |
Great Falls Voyagers batting - Pitching for Baltimore (APP) Orioles : RHP Bryant Orr
|
Batting: RHB Duncan Collins
|
0-0: Ball 1-0: Ball 2-0: Called Strike 2-1: Swinging Strike 2-2: Ball 3-2: Foul Ball, location: 2F 3-2: Strikes out swinging
|
Batting: LHB Josh Pittman
|
0-0: Ball 1-0: Called Strike 1-1: Swinging Strike 1-2: Ball 2-2: Strikes out looking
|
Batting: SHB Matt Childers
|
0-0: Called Strike 0-1: Swinging Strike 0-2: Foul Ball, location: 2F 0-2: Ball 1-2: Ball 2-2: Ball 3-2: Ground out 4-3 (Groundball, 34, EV 85.6 MPH)
|
Top of the 3rd over - 0 runs, 0 hits, 0 errors, 0 left on base; Great Falls 4 - Baltimore (APP) 0 |
BOTTOM OF THE 3RD |
Baltimore (APP) Orioles batting - Pitching for Great Falls Voyagers : RHP Brent White
|
Batting: LHB Rodolfo Montes
|
0-0: Called Strike 0-1: Called Strike 0-2: Ground out 5-3 (Groundball, 56S, EV 67.5 MPH)
|
Batting: RHB Mike Zepeda
|
0-0: Called Strike 0-1: Swinging Strike 0-2: Strikes out swinging
|
Batting: RHB Jeremy Sipe
|
0-0: Ball 1-0: Ball 2-0: Ball 3-0: Called Strike 3-1: Base on Balls
|
Batting: RHB J.J. Basil
|
0-0: Ball 1-0: Called Strike 1-1: Fly out, F1 (Popup, 13, EV 73.1 MPH)
|
Bottom of the 3rd over - 0 runs, 0 hits, 0 errors, 1 left on base; Great Falls 4 - Baltimore (APP) 0 |
TOP OF THE 4TH |
Great Falls Voyagers batting - Pitching for Baltimore (APP) Orioles : RHP Bryant Orr
|
Batting: LHB Carlos Ramirez
|
0-0: Ball 1-0: Ball 2-0: Swinging Strike 2-1: Foul Ball, location: 2F 2-2: Foul Ball, location: 2F 2-2: Strikes out swinging
|
Batting: RHB Vic Lucatero
|
0-0: Called Strike 0-1: Foul Ball, location: 2F 0-2: Ball 1-2: Ball 2-2: SINGLE (Groundball, 4M, EV 109.4 MPH) (infield hit)
|
Batting: SHB Jose Romo
|
0-0: Ball Vic Lucatero steals 2nd base 1-0: Fly out, F8 (Line Drive, 8RM, EV 98.8 MPH)
|
Batting: RHB Billy Grubbs
|
0-0: Ball 1-0: Swinging Strike 1-1: Foul Ball, location: 2F 1-2: Strikes out looking
|
Top of the 4th over - 0 runs, 1 hit, 0 errors, 1 left on base; Great Falls 4 - Baltimore (APP) 0 |
BOTTOM OF THE 4TH |
Baltimore (APP) Orioles batting - Pitching for Great Falls Voyagers : RHP Brent White
|
Batting: RHB Kaleb Yerger
|
0-0: Ball 1-0: Ball 2-0: Foul Ball, location: 2F 2-1: Ball 3-1: Swinging Strike 3-2: Foul Ball, location: 2F 3-2: Base on Balls
|
Batting: RHB Daniel Jackson
|
0-0: Fielders Choice at 2nd, 4-6 (Groundball, 4M, EV 83.8 MPH)
|
Batting: RHB Fernando Bravo
|
0-0: Called Strike Daniel Jackson steals 2nd base 0-1: Called Strike 0-2: Ball 1-2: Strikes out swinging
|
Batting: RHB Matt O'Dea
|
0-0: Ground out 6-3 (Groundball, 6, EV 100.0 MPH)
|
Bottom of the 4th over - 0 runs, 0 hits, 0 errors, 1 left on base; Great Falls 4 - Baltimore (APP) 0 |
TOP OF THE 5TH |
Great Falls Voyagers batting - Pitching for Baltimore (APP) Orioles : RHP Bryant Orr
|
Batting: RHB Juan Tovar
|
0-0: Ball 1-0: Called Strike 1-1: Called Strike 1-2: Strikes out swinging
|
Pitching: RHP Steve Webb
|
|
Batting: RHB Andy Cotton
|
0-0: Called Strike 0-1: Ball 1-1: Called Strike 1-2: Ball 2-2: Ground out 5-3 (Groundball, 56, EV 88.1 MPH)
|
Batting: RHB Duncan Collins
|
0-0: Ball 1-0: Fly out, F8 (Flyball, 8LS, EV 86.9 MPH)
|
Top of the 5th over - 0 runs, 0 hits, 0 errors, 0 left on base; Great Falls 4 - Baltimore (APP) 0 |
BOTTOM OF THE 5TH |
Baltimore (APP) Orioles batting - Pitching for Great Falls Voyagers : RHP Brent White
|
Batting: RHB Bobby White
|
0-0: Ball 1-0: Swinging Strike 1-1: Fly out, F8 (Flyball, 89XD, EV 104.4 MPH)
|
Batting: LHB Rodolfo Montes
|
0-0: Called Strike 0-1: Ball 1-1: Ball 2-1: Ground out 5-3 (Groundball, 56S, EV 83.1 MPH)
|
Batting: RHB Mike Zepeda
|
0-0: Called Strike 0-1: Swinging Strike 0-2: Strikes out looking
|
Bottom of the 5th over - 0 runs, 0 hits, 0 errors, 0 left on base; Great Falls 4 - Baltimore (APP) 0 |
TOP OF THE 6TH |
Great Falls Voyagers batting - Pitching for Baltimore (APP) Orioles : RHP Steve Webb
|
Batting: LHB Josh Pittman
|
0-0: Ball 1-0: Called Strike 1-1: Ball 2-1: Foul Ball, location: 2F 2-2: SOLO HOME RUN (Flyball, 9D, EV 98.1 MPH), Distance : 386 ft
|
Batting: SHB Matt Childers
|
0-0: Ball 1-0: Foul Ball, location: 2F 1-1: Called Strike 1-2: Ball 2-2: Strikes out swinging
|
Batting: LHB Carlos Ramirez
|
0-0: Foul Ball, location: 2F 0-1: Called Strike 0-2: Strikes out swinging
|
Batting: RHB Vic Lucatero
|
0-0: Foul Ball, location: 2F 0-1: Ball 1-1: Ball 2-1: Reached on error, E6 (Groundball, 6, EV 83.8 MPH)
|
Batting: SHB Jose Romo
|
Pickoff Play to 1st, Runner tries for 2nd, OUT after rundown.
|
Top of the 6th over - 1 run, 1 hit, 1 error, 0 left on base; Great Falls 5 - Baltimore (APP) 0 |
BOTTOM OF THE 6TH |
Baltimore (APP) Orioles batting - Pitching for Great Falls Voyagers : RHP Brent White
|
Batting: RHB Jeremy Sipe
|
0-0: Called Strike 0-1: Ball 1-1: Ball 2-1: Called Strike 2-2: DOUBLE (Line Drive, 8RXD, EV 108.1 MPH)
|
Pitching: LHP Jeremy Soliday
|
|
Batting: RHB J.J. Basil
|
0-0: Called Strike 0-1: Called Strike 0-2: DOUBLE (Flyball, 8LXD, EV 102.5 MPH) Jeremy Sipe scores
|
Batting: RHB Kaleb Yerger
|
0-0: Called Strike 0-1: Foul Ball, location: 2F 0-2: Ball 1-2: Ball 2-2: Strikes out swinging
|
Batting: RHB Daniel Jackson
|
0-0: Ball 1-0: Ground out 6-3 (Groundball, 6, EV 85.6 MPH) J.J. Basil to third
|
Batting: RHB Fernando Bravo
|
0-0: Ball 1-0: Foul Ball, location: 2F 1-1: Called Strike 1-2: Foul Ball, location: 2F 1-2: Ball 2-2: Strikes out swinging, 2-3 out at first.
|
Bottom of the 6th over - 1 run, 2 hits, 0 errors, 1 left on base; Great Falls 5 - Baltimore (APP) 1 |
TOP OF THE 7TH |
Great Falls Voyagers batting - Pitching for Baltimore (APP) Orioles : RHP Steve Webb
|
Pitching: LHP Freddy Gutierrez
|
|
Batting: SHB Jose Romo
|
0-0: Swinging Strike 0-1: Called Strike 0-2: Strikes out swinging
|
Batting: RHB Billy Grubbs
|
0-0: Foul Ball, location: 2F 0-1: Ball 1-1: TRIPLE (Line Drive, 89XD, EV 105.0 MPH)
|
Batting: RHB Juan Tovar
|
0-0: Foul Ball, location: 2F 0-1: Foul Ball, location: 2F 0-2: Ball 1-2: Ball 2-2: Foul Ball, location: 2F 2-2: Ball 3-2: Foul Ball, location: 2F 3-2: Base on Balls
|
Batting: RHB Andy Cotton
|
0-0: Called Strike 0-1: Called Strike 0-2: Foul Ball, location: 2F 0-2: Ball 1-2: Foul Ball, location: 2F 1-2: Ball 2-2: Ball 3-2: Base on Balls Juan Tovar to second
|
Batting: RHB Duncan Collins
|
0-0: Called Strike 0-1: Ball 1-1: Swinging Strike 1-2: Strikes out looking
|
Batting: LHB Josh Pittman
|
0-0: Ball 1-0: Ball 2-0: Swinging Strike 2-1: Swinging Strike 2-2: Ball 3-2: Strikes out swinging
|
Top of the 7th over - 0 runs, 1 hit, 0 errors, 3 left on base; Great Falls 5 - Baltimore (APP) 1 |
BOTTOM OF THE 7TH |
Baltimore (APP) Orioles batting - Pitching for Great Falls Voyagers : LHP Jeremy Soliday
|
Pitching: LHP Matt Donnelly
|
|
Batting: RHB Matt O'Dea
|
0-0: Ball 1-0: Fly out, F7 (Flyball, 7, EV 85.6 MPH)
|
Batting: RHB Bobby White
|
0-0: Called Strike 0-1: Ball 1-1: Ball 2-1: Ball 3-1: Foul Ball, location: 2F 3-2: Ground out 6-3 (Groundball, 6MS, EV 78.8 MPH)
|
Batting: LHB Rodolfo Montes
|
0-0: Called Strike 0-1: Foul Ball, location: 2F 0-2: Strikes out swinging, 2-3 out at first.
|
Bottom of the 7th over - 0 runs, 0 hits, 0 errors, 0 left on base; Great Falls 5 - Baltimore (APP) 1 |
TOP OF THE 8TH |
Great Falls Voyagers batting - Pitching for Baltimore (APP) Orioles : LHP Freddy Gutierrez
|
Pitching: RHP Frank Caillouet
|
|
Batting: SHB Matt Childers
|
0-0: Ball 1-0: Ball 2-0: Ball 3-0: Base on Balls
|
Batting: LHB Carlos Ramirez
|
0-0: Called Strike 0-1: Ball 1-1: Ball 2-1: Called Strike 2-2: Ball 3-2: Base on Balls Matt Childers to second
|
Batting: RHB Vic Lucatero
|
0-0: Sac Bunt to 13 - play at first, batter OUT! 1-3 Matt Childers to third Carlos Ramirez to second
|
Batting: SHB Jose Romo
|
0-0: Swinging Strike 0-1: Swinging Strike 0-2: Ball 1-2: Foul Ball, location: 2F 1-2: Foul Ball, location: 2F 1-2: Strikes out swinging
|
Batting: RHB Billy Grubbs
|
0-0: Foul Ball, location: 2F 0-1: Called Strike 0-2: Strikes out swinging
|
Top of the 8th over - 0 runs, 0 hits, 0 errors, 2 left on base; Great Falls 5 - Baltimore (APP) 1 |
BOTTOM OF THE 8TH |
Baltimore (APP) Orioles batting - Pitching for Great Falls Voyagers : LHP Matt Donnelly
|
Now in LF: Vic Lucatero
|
|
Now in RF: Josh Newby
|
|
Batting: RHB Mike Zepeda
|
0-0: Ball 1-0: Ball 2-0: Ball 3-0: Called Strike 3-1: Base on Balls
|
Batting: RHB Jeremy Sipe
|
0-0: Ball 1-0: Foul Ball, location: 2F 1-1: Foul Ball, location: 2F 1-2: Foul Ball, location: 2F 1-2: Ball 2-2: Grounds into double play, 6-4-3 (Groundball, 6, EV 80.6 MPH)
|
Batting: RHB J.J. Basil
|
0-0: Swinging Strike 0-1: Ball 1-1: Ball 2-1: Ball 3-1: SINGLE (Groundball, 6MD, EV 96.2 MPH)
|
Batting: RHB Kaleb Yerger
|
0-0: Called Strike 0-1: Swinging Strike 0-2: Ball 1-2: Foul Ball, location: 2F 1-2: Ball 2-2: Strikes out swinging, 2-3 out at first.
|
Bottom of the 8th over - 0 runs, 1 hit, 0 errors, 1 left on base; Great Falls 5 - Baltimore (APP) 1 |
TOP OF THE 9TH |
Great Falls Voyagers batting - Pitching for Baltimore (APP) Orioles : RHP Frank Caillouet
|
Pitching: LHP Kyle Sheridan
|
|
Batting: RHB Juan Tovar
|
0-0: Ball 1-0: Swinging Strike 1-1: Ball 2-1: Called Strike 2-2: Ball 3-2: Foul Ball, location: 2F 3-2: Base on Balls
|
Batting: RHB Andy Cotton
|
0-0: Ball 1-0: Foul Ball, location: 2F 1-1: Ball Wild Pitch! Juan Tovar to second 2-1: Ball 3-1: Foul Ball, location: 2F 3-2: Foul Ball, location: 2F 3-2: Foul Ball, location: 2F 3-2: Base on Balls
|
Batting: RHB Duncan Collins
|
0-0: Ball 1-0: Swinging Strike 1-1: Ball 2-1: Ball 3-1: Foul Ball, location: 2F 3-2: Base on Balls Juan Tovar to third Andy Cotton to second
|
Batting: RHB Josh Newby
|
0-0: Ball 1-0: Foul Ball, location: 2F 1-1: Swinging Strike 1-2: Fly out, F8 (Flyball, 78D, EV 89.4 MPH) Runner from 3rd tags up, SCORES, throw by CF
|
Batting: SHB Matt Childers
|
0-0: Called Strike 0-1: Ball Wild Pitch! Andy Cotton to third Duncan Collins to second 1-1: Called Strike 1-2: Strikes out swinging
|
Batting: LHB Carlos Ramirez
|
0-0: Called Strike 0-1: Ball Wild Pitch! Andy Cotton scores Duncan Collins to third 1-1: Ball 2-1: Fly out, F7 (Line Drive, 7, EV 110.0 MPH)
|
Top of the 9th over - 2 runs, 0 hits, 0 errors, 1 left on base; Great Falls 7 - Baltimore (APP) 1 |
BOTTOM OF THE 9TH |
Baltimore (APP) Orioles batting - Pitching for Great Falls Voyagers : LHP Matt Donnelly
|
Batting: RHB Daniel Jackson
|
0-0: Called Strike 0-1: Called Strike 0-2: Fly out, F9 (Line Drive, 9S, EV 88.8 MPH)
|
Batting: RHB Fernando Bravo
|
0-0: Called Strike 0-1: Ground out 3-1 (Groundball, 34D, EV 83.1 MPH)
|
Batting: RHB Matt O'Dea
|
0-0: Foul Ball, location: 2F 0-1: Ball 1-1: Ball 2-1: Fly out, F3 (Flyball, 34D, EV 87.5 MPH)
|
Bottom of the 9th over - 0 runs, 0 hits, 0 errors, 0 left on base; Great Falls 7 - Baltimore (APP) 1 |
|